Map: Sueño ártico EE

Players

TATORREA

  • Race: Protoss Protoss
  • League: Gold
  • Spawn Location: 11:00

MrFercho

  • Race: Zerg Zerg
  • League: Gold
  • Spawn Location: 12:00

InferNo

  • Race: Terran Terran
  • League: Diamond
  • Spawn Location: 5:00

RAZIEL

  • Race: Zerg Zerg
  • Spawn Location: 6:00

VOD

Have the link to the VOD?

Description

Time

  • Played on: July 26, 2020, 9:47 p.m.
  • Length: 12:15
Show
View Real Time Build Order
Export as new Build Order

TATORREA Protoss 

Build Orders:  

Get SALT Encoding   

  12  0:01  Probe  
  13  0:13  Probe  
  14  0:21  Pylon  
  14  0:25  Probe  
  15  0:39  Probe  
  16  0:46  Gateway  
  16  0:56  Probe  
  16  1:03  Assimilator  
  17  1:04  Probe  
  17  1:05  Pylon  
  18  1:12  Probe  
  19  1:19  Pylon  
  19  1:24  Probe  
  20  1:37  Probe, Cybernetics Core  
  21  1:42  Gateway  
  21  1:54  Assimilator  
  21  2:14  Gateway, Probe  
  21  2:17  Gateway  
  21  2:19  Gateway  
  21  2:22  Probe  
  22  2:23  Warp Gate  
  23  2:32  Probe  
  24  2:41  Robotics Facility  
  24  2:49  Twilight Council  
  24  3:03  Pylon  
  24  3:06  Pylon  
  24  3:09  Zealot  
  24  3:11  Charge  
  24  3:12  Zealot  
  28  3:18  Zealot  
  30  3:30  Zealot  
  32  3:36  Zealot  
  34  3:42  Observer  
  35  3:55  Immortal  
  39  4:35  Zealot x4  
  39  4:36  Zealot  
  49  5:00  Sentry  
  49  5:02  Sentry  
  49  5:03  Nexus  
  49  5:06  Zealot  
  55  5:45  Pylon  
  55  5:50  Pylon  
  55  5:54  Pylon  
  55  5:56  Gateway  
  55  5:58  Gateway  
  55  6:02  Blink  
  55  6:03  Probe  
  56  6:15  Probe x2  
  58  6:27  Probe  
  57  6:33  Zealot  
  57  6:34  Zealot x3  
  57  6:37  Probe  
  66  6:47  Probe  
  66  6:51  Probe  
  68  6:55  Assimilator  
  68  6:57  Assimilator  
  68  7:00  Probe  
  68  7:01  Zealot  
  71  7:04  Probe, Zealot  
  74  7:12  Probe  
  75  7:16  Probe  
  75  7:20  Immortal  
  80  7:24  Probe  
  80  7:28  Probe  
  82  7:36  Probe, Zealot x2  
  87  7:40  Probe  
  88  7:45  Zealot  
  88  7:47  Zealot  
  88  7:48  Probe  
  93  7:53  Probe  
  94  8:08  Pylon  
  94  8:11  Pylon  
  94  8:19  Pylon  
  94  8:23  Probe x2  
  50  8:45  Zealot x5  
  50  8:46  Zealot  
  50  8:47  Zealot  
  64  9:12  Nexus  
  64  9:16  Pylon  
  64  9:18  Pylon  
  64  9:20  Zealot x4  
  64  9:22  Gateway  
  72  9:24  Gateway  
  51  9:50  Zealot x3  
  51  9:51  Zealot x4  
  65  9:56  Probe x2  
  67  10:08  Probe x2  
  67  10:11  Forge x2  
  67  10:12  Forge  
  69  10:18  Zealot  
  67  10:26  Sentry  
  65  10:29  Immortal  
  69  10:42  Zealot x3  
  73  10:43  Zealot  
  61  10:53  Zealot x3  
  61  11:05  Zealot x2  
  61  11:06  Zealot x2  
  61  11:07  Zealot  
  63  11:16  Zealot x3  
  57  11:29  Zealot  
  57  11:30  Zealot x3  
  59  11:34  Probe x2  
  31  11:47  Stalker  
  31  11:50  Stalker  
  30  12:07  Stalker  
Show
View Real Time Build Order
Export as new Build Order

MrFercho Zerg 

Build Orders: Hatch First 

Get SALT Encoding   

  12  0:01  Drone  
  13  0:13  Overlord  
  13  0:18  Drone  
  14  0:32  Drone x2  
  16  0:51  Hatchery  
  16  0:54  Drone  
  16  1:02  Drone x2  
  18  1:16  Extractor  
  17  1:18  Drone  
  17  1:19  Spawning Pool  
  17  1:22  Drone  
  18  1:29  Drone  
  19  1:40  Drone  
  20  1:51  Overlord  
  20  2:02  Overlord  
  20  2:07  Queen  
  20  2:08  Queen  
  24  2:12  Zergling x2  
  24  2:14  Zergling x2  
  26  2:16  Drone  
  26  2:22  Drone  
  28  2:24  Metabolic Boost  
  28  2:25  Drone  
  29  2:33  Overlord  
  29  2:41  Drone  
  30  2:45  Drone  
  32  2:51  Drone  
  32  3:00  Lair  
  32  3:01  Drone x2  
  34  3:08  Drone x2  
  36  3:19  Baneling Nest, Drone x2, Evolution Chamber  
  36  3:23  Queen  
  38  3:35  Drone x2  
  38  3:36  Drone x3  
  38  3:37  Overlord x2  
  43  3:49  Zergling x4  
  45  3:57  Zerg Melee Weapons Level 1  
  45  3:59  Zergling x4  
  45  4:00  Zergling x6  
  48  4:10  Zergling x8  
  47  4:26  Drone x2  
  49  4:36  Baneling  
  49  4:37  Baneling x4  
  49  4:49  Drone x4  
  49  4:50  Drone x2  
  49  4:52  Extractor  
  54  4:56  Extractor  
  54  5:07  Zergling x12  
  54  5:08  Hatchery  
  58  5:17  Hydralisk Den  
  58  5:19  Hatchery  
  46  5:41  Zergling x12  
  52  5:51  Queen  
  54  6:05  Zergling x2  
  54  6:06  Zergling x8  
  58  6:35  Zergling x14  
  65  6:43  Nydus Network  
  64  6:56  Drone  
  64  6:57  Zergling x12  
  64  6:58  Zergling x2  
  72  7:02  Overlord  
  72  7:10  Overlord x2  
  72  7:11  Overlord x2  
  72  7:12  Overlord x3  
  72  7:20  Queen, Zerg Melee Weapons Level 2  
  72  7:22  Zergling x6  
  78  7:30  Zergling x6  
  80  7:42  Spine Crawler  
  80  7:44  Spore Crawler  
  78  7:46  Zergling x16  
  78  7:47  Spine Crawler  
  85  7:56  Zergling x4  
  85  7:58  Zergling x4  
  89  8:08  Zergling x2  
  89  8:09  Zergling x14  
  97  8:16  Nydus Canal  
  97  8:22  Zergling x2  
  97  8:23  Zergling x6  
  98  8:48  Zergling x2  
  98  8:49  Zergling x18  
  60  9:18  Hydralisk x4  
  60  9:19  Zergling x6  
  60  9:20  Zergling x10  
  60  9:22  Nydus Canal  
  76  9:31  Zergling x4  
  76  9:35  Muscular Augments  
  78  9:44  Zergling x2  
  78  9:45  Zergling x10  
  48  10:18  Hydralisk  
  48  10:19  Hydralisk x2  
  48  10:21  Zergling x26  
  64  10:46  Grooved Spines  
  64  10:47  Hydralisk x3  
  64  10:49  Overlord x3  
  64  10:51  Zergling x4  
  56  11:05  Zergling x14  
  61  11:14  Infestation Pit  
  60  11:22  Zergling x2  
  60  11:23  Zergling x6  
  58  11:32  Hydralisk  
  60  11:34  Zergling x8  
  51  11:47  Baneling  
  51  11:48  Baneling x3  
  51  11:49  Zergling x4  
  51  11:50  Zergling x6  
  55  11:54  Zergling x6  
Show
View Real Time Build Order
Export as new Build Order

InferNo Terran 

Build Orders:  

Get SALT Encoding   

  12  0:01  SCV  
  13  0:13  SCV  
  14  0:17  Supply Depot  
  14  0:25  SCV  
  15  0:39  SCV  
  15  0:40  Barracks  
  16  0:45  Refinery  
  16  0:51  SCV  
  16  0:55  Refinery  
  17  1:03  SCV  
  18  1:15  SCV  
  19  1:28  Marine  
  19  1:29  Orbital Command  
  20  1:35  Factory  
  20  1:42  Supply Depot  
  20  1:51  Barracks Tech Lab  
  20  1:56  SCV  
  21  2:08  SCV  
  22  2:10  Marine  
  22  2:11  Stimpack  
  23  2:20  SCV  
  24  2:25  Factory Tech Lab  
  24  2:37  SCV  
  24  2:41  Marine  
  24  2:42  Supply Depot  
  26  2:44  Siege Tank  
  26  2:49  SCV  
  30  2:58  Starport  
  30  2:59  Marine  
  30  3:03  SCV  
  32  3:06  Supply Depot  
  32  3:15  SCV  
  32  3:19  Marine  
  34  3:20  Siege Tank  
  37  3:28  SCV  
  38  3:37  Marine  
  38  3:38  Medivac  
  38  3:40  SCV  
  42  3:50  Combat Shield  
  42  3:54  Supply Depot, Marine  
  43  3:58  SCV  
  44  4:08  Medivac  
  46  4:11  Command Center  
  46  4:12  SCV  
  46  4:15  Marine  
  48  4:25  SCV  
  49  4:32  Siege Tank  
  49  4:35  Supply Depot  
  52  4:46  SCV  
  52  4:52  Barracks  
  53  4:54  Starport Reactor  
  53  4:56  Barracks  
  53  4:58  SCV  
  54  5:04  Marine  
  54  5:05  Supply Depot  
  55  5:11  SCV  
  47  5:31  SCV  
  48  5:44  Command Center, Starport Reactor  
  48  5:45  Barracks Reactor  
  48  5:49  Barracks  
  48  5:50  SCV  
  48  5:52  Engineering Bay  
  48  5:56  Marine x2  
  51  6:03  Siege Tank  
  54  6:15  SCV  
  54  6:16  Orbital Command  
  55  6:27  Marine, SCV  
  55  6:28  Marine x3  
  60  6:38  Terran Infantry Weapons Level 1  
  60  6:39  SCV  
  61  6:41  Refinery  
  61  6:46  Barracks Tech Lab  
  61  6:53  Marine x5  
  66  7:00  SCV  
  66  7:01  SCV  
  68  7:06  Marine  
  69  7:10  Marine  
  69  7:11  Marine x3  
  69  7:13  Marine, SCV x2  
  76  7:21  Medivac  
  78  7:23  Marine, Concussive Shells  
  78  7:28  Marine  
  78  7:29  Marine  
  81  7:32  Refinery  
  81  7:33  SCV x2  
  81  7:34  Orbital Command  
  83  7:41  Marine x4  
  87  7:53  Marine x2  
  87  7:58  Supply Depot, Marine  
  89  7:59  Marauder  
  89  8:00  Marauder  
  89  8:02  SCV  
  89  8:03  Engineering Bay  
  89  8:04  SCV  
  96  8:08  SCV  
  96  8:09  Marine  
  96  8:10  Marine  
  99  8:14  SCV  
  99  8:19  Siege Tank  
  103  8:21  Marauder  
  103  8:25  Marine x2  
  103  8:26  Marine  
  102  8:27  Marine  
  102  8:31  SCV x2  
  102  8:32  SCV  
  97  8:42  Marauder  
  97  8:43  SCV x2  
  97  8:46  Armory, Engineering Bay  
  101  8:51  Supply Depot x2  
  101  8:52  Siege Tank  
  101  8:53  SCV  
  101  8:54  Marine x4  
  109  9:12  Marine x4  
  109  9:13  Marine x2, SCV  
  109  9:14  Command Center  
  116  9:18  Supply Depot  
  116  9:19  Supply Depot  
  116  9:21  Refinery  
  116  9:26  Medivac x2  
  116  9:30  Marine x2  
  116  9:31  Marauder  
  108  9:41  Orbital Command  
  106  9:49  Marine x2  
  106  9:50  Marine x2  
  106  9:51  Marauder, Marine  
  107  9:56  Medivac x2  
  104  10:07  Marine  
  104  10:10  Marauder  
  104  10:11  Marine  
  104  10:12  Marauder, Marine x2  
  112  10:22  Refinery  
  112  10:25  Medivac, Marine  
  112  10:26  Medivac  
  117  10:29  Marine  
  118  10:45  SCV x2  
  118  10:46  SCV  
  118  10:49  Refinery  
  121  10:53  Missile Turret  
  121  10:54  Barracks  
  121  10:55  Barracks, Medivac  
  121  10:56  Marine x6  
  129  11:04  Barracks  
  129  11:08  Barracks  
  129  11:13  Siege Tank  
  129  11:14  Marine x6  
  129  11:15  Planetary Fortress  
  129  11:18  SCV  
  139  11:32  Marine  
  140  11:33  Marine x5  
  145  11:45  Marine x2  
  148  11:47  SCV  
  148  11:49  Marine  
  148  11:51  Marine x4  
  148  11:52  Marauder  
  148  11:53  Supply Depot  
Show
View Real Time Build Order
Export as new Build Order

RAZIEL Zerg 

Build Orders: Hatch First 

Get SALT Encoding   

  12  0:01  Drone  
  13  0:13  Overlord  
  13  0:17  Drone  
  14  0:45  Hatchery, Drone  
  14  0:50  Drone  
  14  0:54  Drone  
  16  1:12  Spawning Pool  
  16  1:15  Extractor, Drone  
  15  1:18  Drone  
  15  1:24  Drone  
  17  1:33  Drone  
  18  1:52  Drone  
  18  1:53  Overlord  
  19  1:59  Queen  
  21  2:01  Queen  
  21  2:04  Drone  
  24  2:16  Overlord  
  24  2:18  Overlord  
  24  2:22  Drone  
  25  2:24  Drone  
  26  2:30  Metabolic Boost  
  26  2:34  Zergling x2  
  27  2:42  Drone x2  
  29  2:46  Zergling x4  
  31  2:57  Lair  
  31  2:59  Drone  
  31  3:05  Zergling x2  
  33  3:10  Drone  
  34  3:14  Drone  
  34  3:15  Zergling x6  
  34  3:16  Zergling x2  
  39  3:46  Hatchery  
  39  3:47  Drone x2  
  39  3:48  Drone x4  
  44  3:52  Extractor  
  43  3:56  Roach Warren  
  43  3:59  Drone  
  43  4:00  Overlord  
  43  4:03  Overlord  
  42  4:22  Zergling x6  
  40  4:30  Zergling x12  
  44  4:48  Roach x3  
  44  4:52  Roach  
  52  4:59  Extractor, Drone x4  
  55  5:06  Drone x4  
  59  5:09  Queen  
  59  5:11  Drone x2  
  63  5:15  Roach  
  63  5:17  Roach  
  67  5:30  Glial Reconstitution  
  67  5:36  Roach x2  
  67  5:37  Roach  
  73  5:45  Drone  
  73  5:46  Overlord  
  73  5:47  Overlord  
  74  5:50  Overlord  
  74  5:51  Overlord  
  74  5:57  Extractor  
  69  6:29  Roach x5  
  69  6:30  Roach  
  69  6:31  Roach x2  
  70  6:34  Roach  
  70  6:35  Roach x2  
  76  6:48  Drone  
  77  6:54  Evolution Chamber  
  77  6:55  Spire  
  77  7:00  Drone x2  
  77  7:04  Ravager x2  
  77  7:05  Ravager x3  
  82  7:12  Roach x3  
  82  7:13  Roach x3  
  82  7:14  Roach  
  96  7:17  Drone  
  96  7:18  Hatchery  
  96  7:21  Drone x3  
  99  7:25  Overseer  
  99  7:39  Roach x3  
  99  7:40  Zerg Melee Weapons Level 1  
  105  7:44  Drone  
  105  7:47  Overlord x3  
  105  7:48  Overlord x2  
  105  7:49  Overlord  
  106  8:07  Drone x4  
  106  8:08  Drone x2  
  106  8:11  Extractor  
  111  8:17  Infestation Pit  
  110  8:20  Hydralisk Den  
  110  8:21  Drone x2  
  110  8:22  Spore Crawler  
  106  9:17  Corruptor x4  
  106  9:18  Queen  
  106  9:19  Drone x4  
  120  9:36  Spore Crawler  
  119  10:04  Roach x3  
  119  10:05  Roach x4  
  119  10:06  Queen  
  137  10:07  Drone x3  
  137  10:11  Drone x6  
  137  10:12  Drone  
  145  10:19  Extractor  
  141  10:32  Roach x2  
  141  10:33  Roach  
  141  10:34  Roach  
  149  10:41  Extractor  
  147  10:42  Drone  
  147  10:43  Drone x2  
  147  10:44  Extractor, Hive  
  125  11:01  Ravager x2  
  125  11:02  Ravager x5  
  132  11:05  Roach  
  132  11:13  Zergling x8  
  132  11:14  Zergling x2  
  112  11:37  Zergling x8  
  112  11:38  Zergling x8  
  120  11:42  Overlord x2  
  120  11:47  Drone  
  120  11:48  Drone x2  
  123  11:55  Overlord, Drone x2  
  123  11:57  Overlord  
Tags
 
Add a new tag
Caveats
  • Supply blocks, unpowered buildings, or Contaminate may cause inaccurate times.
  • Supply counts are checked every 10 seconds.